 Dungeon Crawl Stone Soup version 0.27.1-4-g1640c2035a (webtiles) character file.

Game seed: 16023197764760147552

5729 raph the Geomancer (level 10, -9/56 HPs)
             Began as a Deep Elf Earth Elementalist on Oct 31, 2021.
             Was a Follower of Sif Muna.
             Mangled by a komodo dragon (25 damage)
             ... on level 1 of the Lair of Beasts.
             The game lasted 00:30:58 (13898 turns).

raph the Geomancer (Deep Elf Earth Elementalist)   Turns: 13898, Time: 00:30:59

Health: -9/56      AC:  9    Str:  5    XL:     10   Next: 48%
Magic:  18/22      EV: 14    Int: 29    God:    Sif Muna [*.....]
Gold:   26         SH:  6    Dex: 20    Spells: 4/22 levels left

rFire    + . .     SeeInvis +   a - staff of earth
rCold    . . .     Faith    .   n - +0 buckler
rNeg     . . .     Spirit   .   F - +1 leather armour "Kuciwial" {Drain +Blink Dex+4}
rPois    .         Reflect  .   r - +0 helmet {SInv}
rElec    .         Harm     .   A - +0 cloak
rCorr    .         Rampage  .   q - +0 pair of gloves
Will     +....                  w - +1 pair of boots
Stlth    +++.......             (no amulet)
HPRegen  0.18/turn              y - +6 ring of intelligence
MPRegen  0.18/turn              K - ring of protection from fire

@: no status effects
A: no striking features
a: Renounce Religion, Evoke Blink, Channel Magic


You were on level 1 of the Lair of Beasts.
You worshipped Sif Muna.
Sif Muna was aware of your devotion.
You visited 3 branches of the dungeon, and saw 11 of its levels.

You collected 498 gold pieces.
You spent 472 gold pieces at shops.

Inventory:

Hand Weapons
 b - a +1 dagger of venom
 l - a +0 shortbow
 v - a +0 vampiric dagger
 E - a +4 dagger
 J - a +4 short sword of electrocution
Missiles
 c - 235 stones
 f - 3 javelins
 i - 45 poisoned darts
 p - 3 throwing nets
Armour
 n - a +0 buckler (worn)
 q - a +0 pair of gloves (worn)
 r - a +0 helmet of see invisible (worn)
 w - a +1 pair of boots (worn)
 x - a +1 robe
 A - a +0 cloak (worn)
 F - the +1 leather armour "Kuciwial" (worn) {Drain +Blink Dex+4}
   (You bought it in a shop on level 9 of the Dungeon)

   Dex:       It affects your dexterity (+4).
   +Blink:    It lets you blink.
   Drain:     It drains your maximum health when unequipped.
Magical Staves
 a - a staff of earth (weapon)
Jewellery
 j - a ring of resist corrosion
 k - a ring of willpower
 y - a +6 ring of intelligence (left hand)
 K - a ring of protection from fire (right hand)
Wands
 I - a wand of polymorph (9)
 L - a wand of charming (9)
Scrolls
 t - 5 scrolls of teleportation
 H - 3 scrolls of blinking
 M - a scroll of enchant weapon
 N - a scroll of amnesia
Potions
 d - a potion of cancellation
 e - 3 potions of curing
 g - 2 potions of resistance
 h - 2 potions of might
 m - 2 potions of mutation
 o - a potion of flight
 s - 2 potions of brilliance
 u - 2 potions of magic
 z - a potion of ambrosia
 B - a potion of berserk rage
 C - a potion of heal wounds
 D - 2 potions of haste
 G - a potion of attraction {unknown}


   Skills:
 + Level 3.6 Fighting
 + Level 6.0 Dodging
 - Level 5.8 Stealth
 - Level 4.0 Shields
 + Level 6.6 Spellcasting
 + Level 5.8 Conjurations
 * Level 3.0 Summonings
 - Level 1.1 Transmutations
 + Level 11.1 Earth Magic
 * Level 2.9 Invocations


You had 4 spell levels left.
You knew the following spells:

 Your Spells              Type           Power      Damage    Failure   Level
a - Sandblast             Erth           100%       2d20      1%          1
b - Passwall              Tmut/Erth      50%        N/A       1%          2
c - Stone Arrow           Conj/Erth      100%       3d13      1%          3
d - Lee's Rapid Deconstr  Erth           42%        3d21*     2%          5
e - Petrify               Tmut/Erth      61%        N/A       7%          4
f - Call Canine Familiar  Summ           27%        N/A       8%          3

Your spell library contained the following spells:

 Spells                   Type           Power      Damage    Failure   Level
 Magic Dart               Conj           100%       1d8       1%          1
 Wereblood                Tmut           16%        N/A       9%          2
 Leda's Liquefaction      Hex/Erth       29%        N/A       9%          4
 Sublimation of Blood     Necr           4%         N/A       13%         2
 Frozen Ramparts          Ice            18%        1d3       26%         3
 Portal Projectile        Hex/Tloc       18%        N/A       26%         3
 Iskenderun's Mystic Bla  Conj/Tloc      26%        2d7       26%         4
 Summon Ice Beast         Ice/Summ       18%        N/A       43%         4
 Ice Form                 Ice/Tmut       12%        N/A       56%         4
 Fireball                 Conj/Fire      13%        3d7       58%         5
 Summon Hydra             Summ           13%        N/A       100%        7
 Borgnjor's Revivificati  Necr           4%         N/A       100%        8
 Necromutation            Tmut/Necr      6%         N/A       100%        8
 Death's Door             Necr           4%         N/A       100%        9


Dungeon Overview and Level Annotations

Branches:
Dungeon (9/15)             Temple (1/1) D:7            Lair (1/6) D:9
    Orc: D:9-12

Altars:
Ashenzari
Cheibriados
Elyvilon
Fedhas
Gozag
Hepliaklqana
Kikubaaqudgha
Nemelex Xobeh
Okawaru
Qazlal
Ru
Sif Muna
Trog
Uskayaw
Wu Jian
Xom
Yredelemnul
Zin
The Shining One

Shops:
D:7 !   D:8 (   D:9 *

Annotations:
D:7 2 transporters, truevaserg's ghost, novice DEFE


Message History

You feel a surge of power!
The blast of sand hits the komodo dragon!
The komodo dragon is moderately wounded.
The komodo dragon closely misses you.
Aiming: Sandblast (safe; 1% risk of failure)
Press: ? - help, Q - select action, (/) - cycle Shift-Dir - straight line, f/p - komodo dragon
Aim: a komodo dragon (moderately wounded, 88% to hit)
You feel a surge of power!
The blast of sand hits the komodo dragon but does no damage.
The komodo dragon is moderately wounded.
You block the komodo dragon's attack.
Aiming: Sandblast (safe; 1% risk of failure)
Press: ? - help, Q - select action, (/) - cycle Shift-Dir - straight line, f/p - komodo dragon
Aim: a komodo dragon (moderately wounded, 88% to hit)
You feel a surge of power!
The blast of sand misses the komodo dragon.
The komodo dragon closely misses you.
Aiming: Sandblast (safe; 1% risk of failure)
Press: ? - help, Q - select action, (/) - cycle Shift-Dir - straight line, f/p - komodo dragon
Aim: a komodo dragon (moderately wounded, 88% to hit)
You feel a surge of power!
The blast of sand hits the komodo dragon!
The komodo dragon is heavily wounded.
You feel less invigorated. The komodo dragon bites you!
Aiming: Sandblast (safe; 1% risk of failure)
Press: ? - help, Q - select action, (/) - cycle Shift-Dir - straight line, f/p - komodo dragon
Aim: a komodo dragon (heavily wounded, 88% to hit)
You feel a surge of power!
The blast of sand hits the komodo dragon!!
The komodo dragon is almost dead.
The komodo dragon bites you!
* * * LOW HITPOINT WARNING * * *
Aiming: Sandblast (safe; 1% risk of failure)
Press: ? - help, Q - select action, (/) - cycle Shift-Dir - straight line, f/p - komodo dragon
Aim: a komodo dragon (almost dead, 88% to hit)
You feel a surge of power!
The blast of sand hits the komodo dragon.
The komodo dragon is almost dead.
The komodo dragon bites you!!
You die...

#......P# ##.....##
#......## ##<.....P#
...... ##......###
..#......## #.....†.#
..........#### #......##
.............####......#
.....l.......##@#......#
............##.#l......#
...........##.........##
......†....#..........#
............†............
##.......................
#......#................
.......†##...............
........###..............


You could see a komodo dragon.

Vanquished Creatures
  A hydra (Lair:1)
  Grinder (D:6)
  2 wyverns
  A basilisk (Lair:1)
  Grum (D:9)
  3 steam dragons
  Menkaure (D:6)
  An acid dragon (D:8)
  Duvessa (D:7)
  2 water moccasins
  2 orc warriors
  An ice beast (D:6)
  A sky beast (D:5)
  A necrophage (D:8)
  2 black bears
  4 ogres
  2 wolves
  3 centaurs
  Blork the orc (D:6)
  2 kobold brigands (D:7)
  3 bullfrogs
  A scorpion (D:5)
  2 gnoll sergeants (D:9)
  A wyvern zombie (D:7)
  A wyvern skeleton (D:7)
  Dowan (D:7)
  4 killer bees (D:9)
  A bullfrog zombie (D:5)
  2 centaur zombies
  A hound (D:5)
  2 jellies
  Crazy Yiuf (D:6)
  5 orc priests
  A bullfrog skeleton (D:5)
  2 centaur skeletons
  2 iguanas
  8 orc wizards
  20 gnolls
  3 river rats (D:9)
  8 adders
  An ufetubus (D:7)
  2 dart slugs
  21 orcs
  3 ball pythons
  7 endoplasms
  6 giant cockroaches
  12 goblins
  8 hobgoblins
  3 quokkas
  3 bats (D:3)
  5 frilled lizards
  18 kobolds
  A quokka skeleton (D:4)
  7 rats
199 creatures vanquished.

Vanquished Creatures (others)
  An orc (D:8)
  19 plants
20 creatures vanquished.

Grand Total: 219 creatures vanquished

Notes
Turn   | Place    | Note
-------+----------+-------------------------------------------
     0 | D:1      | raph the Deep Elf Earth Elementalist began the quest for
                  | the Orb.
     0 | D:1      | Reached XP level 1. HP: 10/10 MP: 6/6
   192 | D:1      | Reached XP level 2. HP: 15/15 MP: 5/8
   390 | D:1      | Learned a level 2 spell: Passwall
   499 | D:1      | Found a faded altar of an unknown god.
   636 | D:1      | Reached XP level 3. HP: 20/20 MP: 7/9
   640 | D:1      | Learned a level 3 spell: Stone Arrow
  1166 | D:2      | Reached skill level 4 in Earth Magic
  1766 | D:2      | Reached skill level 1 in Conjurations
  2016 | D:2      | Reached XP level 4. HP: 10/24 MP: 7/11
  2218 | D:2      | Found a hazy altar of Hepliaklqana.
  2244 | D:2      | Reached skill level 1 in Fighting
  2999 | D:3      | Learned a level 4 spell: Leda's Liquefaction
  3167 | D:3      | Found a hide-covered altar of Uskayaw.
  3167 | D:3      | Noticed a +0 dagger
  3167 | D:3      | Noticed a +0 hand axe
  3580 | D:3      | Reached XP level 5. HP: 29/29 MP: 12/12
  4324 | D:4      | Noticed an ogre
  4333 | D:4      | Killed an ogre
  4779 | D:4      | Reached XP level 6. HP: 29/34 MP: 0/13
  4898 | D:4      | Reached skill level 1 in Shields
  5219 | D:4      | Identified a scroll of acquirement
  5219 | D:4      | Acquired a +0 helmet of see invisible
  5262 | D:4      | Found a blossoming altar of Fedhas.
  5640 | D:5      | Entered Level 5 of the Dungeon
  5850 | D:5      | Reached skill level 5 in Earth Magic
  5910 | D:5      | Reached XP level 7. HP: 30/39 MP: 5/15
  6009 | D:5      | Noticed a steam dragon
  6020 | D:5      | Killed a steam dragon
  6164 | D:5      | Learned a level 4 spell: Petrify
  6323 | D:5      | Acquired the Almanac of Stones and Attacks
  6608 | D:5      | Reached XP level 8. HP: 44/44 MP: 10/17
  6826 | D:5      | Reached skill level 5 in Spellcasting
  7039 | D:5      | Learned a level 5 spell: Lee's Rapid Deconstruction
  7087 | D:5      | Reached skill level 6 in Earth Magic
  7322 | D:6      | Noticed Grinder
  7330 | D:6      | Noticed Menkaure
  7331 | D:6      | Killed Grinder
  7694 | D:6      | Killed Menkaure
  7695 | D:6      | Reached skill level 7 in Earth Magic
  8214 | D:6      | Reached skill level 8 in Earth Magic
  8320 | D:6      | Found a runed translucent door.
  8321 | D:6      | Noticed Crazy Yiuf
  8325 | D:6      | Killed Crazy Yiuf
  8429 | D:6      | Noticed Blork the orc
  8432 | D:6      | Killed Blork the orc
  8488 | D:6      | Reached XP level 9. HP: 49/49 MP: 14/18
  8836 | D:7      | Found a transporter.
  8845 | D:7      | Found the necklace of Bloodlust {*Rage +Rage Will++ Int-3
                  | Slay+6}
  8846 | D:7      | Noticed truevaserg's ghost (novice DEFE)
  8850 | D:7      | Found a transporter.
  8850 | D:7      | Identified the +0 kite shield of the Swan {Int+4}
  8907 | D:7      | Reached skill level 9 in Earth Magic
  9003 | D:7      | Found Afat Noz's Distillery.
  9011 | D:7      | Bought a potion of heal wounds for 60 gold pieces
  9011 | D:7      | Bought a potion of magic for 96 gold pieces
  9011 | D:7      | Bought a potion of haste for 120 gold pieces
  9017 | D:7      | Found a staircase to the Ecumenical Temple.
  9029 | Temple   | Entered the Ecumenical Temple
  9119 | Temple   | Became a worshipper of Sif Muna the Loreminder
  9709 | D:7      | Reached skill level 10 in Earth Magic
  9909 | D:7      | Noticed Dowan
  9930 | D:7      | Killed Dowan
 10006 | D:7      | Noticed Duvessa
 10012 | D:7      | Killed Duvessa
 10902 | D:8      | Found Xuagh's Antique Weapon Shoppe.
 10970 | D:8      | Reached skill level 5 in Stealth
 11296 | D:8      | Reached * piety under Sif Muna
 11724 | D:9      | Noticed Grum
 11725 | D:9      | Killed Grum
 11726 | D:9      | Reached skill level 5 in Dodging
 11803 | D:9      | Reached skill level 5 in Conjurations
 12161 | D:9      | Reached XP level 10. HP: 56/56 MP: 13/21
 12212 | D:9      | Learned a level 3 spell: Call Canine Familiar
 12566 | D:9      | Reached skill level 1 in Summonings
 12566 | D:9      | Reached skill level 1 in Invocations
 12932 | D:9      | Found Nipiska's Assorted Antiques.
 12937 | D:9      | Bought an ichor-stained leather armour for 196 gold pieces
 12937 | D:9      | Identified the +1 leather armour "Kuciwial" {Drain +Blink
                  | Dex+4} (You bought it in a shop on level 9 of the Dungeon)
 13348 | D:9      | Noticed a death yak
 13349 | D:9      | Found a staircase to the Lair.
 13351 | D:9      | Noticed a death yak
 13680 | D:9      | Noticed a death yak
 13816 | Lair:1   | Entered Level 1 of the Lair of Beasts
 13851 | Lair:1   | Noticed a six-headed hydra
 13857 | Lair:1   | Reached skill level 11 in Earth Magic
 13867 | Lair:1   | Killed a six-headed hydra
 13898 | Lair:1   | Mangled by a komodo dragon

Illustrated notes

Levels and vault maps discovered:
D:1:      dpeg_arrival_erosion, layout_basic,
          ebering_ecumenical_altar_abandoned, minmay_pentomino_v2
D:2:      layout_loops_ring, basic_altar, corexii_item_surrounded_by_moat,
          grunt_ministairs_1, minivault_26, minmay_misc_feat_square
D:3:      layout_loops_ring, dancing_weapons_uskayaw, minmay_puff
D:4:      layout_loops_ring, fedhas_altar_decomposition, due_unseen_surprise
D:5:      layout_loops_ring, minmay_ogre_servants
D:6:      layout_basic, uniq_crazy_yiuf_cottage, uniq_blork_the_orc,
          uniq_grinder, uniq_menkaure
D:7:      layout_loops_ring, minmay_temple_entry_mist, serial_shops, shop,
          gammafunk_ghost_gnarly_gnolls, nrook_uturn, minivault_23,
          minivault_26, uniq_duvessa
D:8:      layout_basic, serial_shops, shop
D:9:      layout_irregular_city, dpeg_lair_monsters, david_orc_1_choice,
          serial_shops, kennysheep_little_box, uniq_grum
Temple:   regret_index_temple_chain_breaker
Lair:1:   layout_hall_layers, ebering_ghost_reflecting_pool

Skill      XL: |  1  2  3  4  5  6  7  8  9 10 |
---------------+-------------------------------+-----
Stealth        | 3 4 5 |  5.8
Earth Magic    | 4 5 8 10 11 | 11.1
Dodging        | 3 4 5 6 |  6.0
Conjurations   | 1 2 3 4 5 |  5.8
Fighting       | 1 2 3 |  3.6
Shields        | 1 2 4 |  4.0
Spellcasting   | 4 5 6 |  6.6
Summonings     | 3 |  3.0
Invocations    | 2 |  2.9
Transmutations | |  1.1

Action                   |  1- 3 |  4- 6 |  7- 9 | 10-12 || total
-------------------------+-------+-------+-------+-------++-------
Melee: Staff             |    26 |    43 |     1 |       ||    70
       Dagger            |       |       |     2 |       ||     2
 Cast: Sandblast         |    39 |    32 |    41 |    16 ||   128
       Stone Arrow       |     3 |    32 |    53 |    11 ||    99
       Passwall          |       |     5 |     4 |     3 ||    12
       Lee's Rapid Decon |       |       |    34 |    21 ||    55
       Petrify           |       |       |     2 |     6 ||     8
       Call Canine Famil |       |       |       |     1 ||     1
Invok: Channel Magic     |       |       |       |     2 ||     2
  Use: Scroll            |       |    10 |     7 |     6 ||    23
 Stab: Sleeping          |     1 |       |       |       ||     1
Armor: Robe              |     3 |     6 |     4 |     1 ||    14
       Leather armour    |       |       |       |     2 ||     2
Dodge: Dodged            |    35 |    40 |    17 |    13 ||   105
Block: Buckler           |       |    11 |     6 |     4 ||    21
